 Dungeon Crawl Stone Soup version 0.26.0-10-g1f06aea511 (webtiles) character file.

Game seed: 9287246104755996809

95 inmateoo the Insei (level 4, -4/31 HPs)
             Began as a Vampire Chaos Knight on Jan 14, 2021.
             Slain by a hellwing (14 damage)
             ... summoned by Xom
             ... in a sewer.
             The game lasted 00:04:01 (1872 turns).

inmateoo the Insei (Vampire Chaos Knight)           Turns: 1872, Time: 00:04:02

Health: -4/31      AC:  5    Str: 12    XL:     4   Next: 39%
Magic:  4/4        EV: 13    Int: 14    God:
Gold:   77         SH:  0    Dex: 15    Spells: 3/3 levels left

rFire    + . .     SeeInvis +     - Unarmed
rCold    . . .     Faith    .   (no shield)
rNeg     . . .     Spirit   .   a - +2 leather armour
rPois    .         Reflect  .   (no helmet)
rElec    .         Harm     .   (no cloak)
rCorr    .         Rampage  .   (no gloves)
Will     .....     Rnd*Rage +   (no boots)
Stlth    +.........             (no amulet)
HPRegen  0.30/turn              b - ring of protection from fire
MPRegen  0.09/turn              (no ring)

@: about to teleport, regenerating quickly, very slow
A: fangs 3, see invisible, agile 1, berserk 1, frail 1, unbreathing
a: Exsanguinate


You were in a sewer.
You visited 1 branch of the dungeon, and saw 3 of its levels.
You also visited: Sewer.

You collected 77 gold pieces.

Inventory:

Missiles
 e - 16 poisoned darts (quivered)
Armour
 a - a +2 leather armour (worn)
 j - a +0 chain mail
Jewellery
 b - a ring of protection from fire (left hand)
 c - an uncursed ring of fire
Scrolls
 d - a scroll of identify {unknown}
 g - a scroll of teleportation


   Skills:
 + Level 3.2 Fighting
 + Level 1.6 Armour
 + Level 3.0 Dodging
 * Level 4.4 Unarmed Combat


You had 3 spell levels left.
You didn't know any spells.
Your spell library was empty.

Dungeon Overview and Level Annotations

Branches:
Dungeon (3/15)              Sewer (1/1)

Altars:


Innate Abilities, Weirdness & Mutations

Your natural rate of healing is unusually fast.
You have razor-sharp teeth.
You have supernaturally acute eyesight. (SInv)
You can survive without breathing.
You are agile. (Dex +2)
You tend to lose your temper in combat.
You are frail. (-10% HP)


Message History

* * * LOW HITPOINT WARNING * * *
It was a potion of curing.
You feel better. The adder barely misses you.
The ooze hits you but does no damage. The river rat bites you.
You enter the shallow water.
Moving in this stuff is going to be slow.
The adder bites you but does no damage. The adder misses you.
The adder misses you. The ooze misses you.
The river rat misses you. "Fight to survive, mortal."
Found a potion of curing.
Unknown command.
As you read the scroll labelled PEQEHE TEOT, it crumbles to dust.
You feel strangely unstable.
It was a scroll of teleportation.
The adder bites you but does no damage. The ooze closely misses you.
The adder bites you but does no damage. The river rat barely misses you.
As you read the scroll labelled FOCSENW POEWU, it crumbles to dust.
You feel blessed for a moment.
It was a scroll of remove curse.
The ooze hits you. The adder bites you but does no damage.
The hellwing hits you!
You die...
Xom cackles wildly!

≈# #≈# #≈# ##≈##
. ##≈≈.##
..≈.####.∩.≈.####
≈..≈≈≈≈≈4554r≈≈≈≈
.≈..####J4J33####
. ##S@5## ##3##
#5# #≈# #≈# #≈#
.≈. !≈.


You could see a soul eater (summoned), a sun demon (summoned), 2 hellwings, a
sixfirhy (summoned), a chaos spawn (summoned), a crimson imp (summoned), 2
oozes, an adder, a river rat, a white imp (summoned) and 2 ufetubi.

Vanquished Creatures
  2 adders (D:2)
  A river rat (D:3)
  A worm (D:2)
  3 dart slugs
  4 leopard geckos
  2 orcs (D:3)
  4 bats
  3 giant cockroaches
  5 goblins (D:1)
  4 hobgoblins
  2 quokkas (D:3)
  6 ball pythons
  3 frilled lizards
  6 kobolds
  7 rats
53 creatures vanquished.

Notes
Turn   | Place    | Note
-------+----------+-------------------------------------------
     0 | D:1      | inmateoo the Vampire Chaos Knight began the quest for the
                  | Orb.
     0 | D:1      | Reached XP level 1. HP: 17/17 MP: 1/1
     0 | D:1      | Fell from the grace of Xom
   181 | D:1      | Reached skill level 1 in Armour
   185 | D:1      | Reached XP level 2. HP: 19/23 MP: 2/2
   185 | D:1      | XOM: give mutations
   185 | D:1      | Gained mutation: You are frail. (-10% HP) [Xom's mischief]
   185 | D:1      | Gained mutation: You occasionally shout uncontrollably at
                  | your foes. [Xom's mischief]
   185 | D:1      | Gained mutation: You are weak. (Str -2) [Xom's mischief]
   185 | D:1      | Lost mutation: You are weak. (Str -2) [Xom's mischief]
   524 | D:1      | Reached XP level 3. HP: 25/25 MP: 3/3
   642 | D:1      | XOM: give mutations
   642 | D:1      | Gained mutation: You tend to lose your temper in combat.
                  | [Xom's mischief]
   872 | D:2      | Reached skill level 4 in Unarmed Combat
   978 | D:2      | XOM: stat loss: -1 Int (13/14)
  1535 | D:2      | XOM: give mutations
  1535 | D:2      | Gained mutation: You are dopey. (Int -2) [Xom's mischief]
  1535 | D:2      | Gained mutation: You can translocate small distances at
                  | will. [Xom's mischief]
  1673 | D:3      | Reached XP level 4. HP: 31/31 MP: 4/4
  1840 | D:3      | Found a glowing drain.
  1850 | Sewer    | Entered a sewer
  1867 | Sewer    | Lost mutation: You occasionally shout uncontrollably at
                  | your foes. [potion of mutation]
  1867 | Sewer    | Lost mutation: You are dopey. (Int -2) [potion of mutation]
  1867 | Sewer    | Lost mutation: You can translocate small distances at will.
                  | [potion of mutation]
  1867 | Sewer    | Gained mutation: You are agile. (Dex +2) [potion of
                  | mutation]
  1870 | Sewer    | XOM: summons 10 hostile demons
  1871 | Sewer    | Noticed a hellwing
  1871 | Sewer    | Noticed a chaos spawn
  1871 | Sewer    | Noticed a hellwing
  1871 | Sewer    | Noticed a sixfirhy
  1871 | Sewer    | Noticed a soul eater
  1871 | Sewer    | Noticed a sun demon
  1872 | Sewer    | Slain by a hellwing

Illustrated notes

Levels and vault maps discovered:
D:1:      psy_arrival_radial02, layout_loops_ring
D:2:      layout_loops_corners, roderic_roman_lattice
D:3:      layout_basic, portal_sewer_entry_b, bh_walls_and_bars, uniq_jessica,
          uniq_robin
Sewer:    sewer_co_15_rooms

Skill      XL: |  1  2  3  4 |
---------------+-------------+-----
Armour         | 1 |  1.6
Fighting       | 3 |  3.2
Unarmed Combat | 4 |  4.4
Dodging        | 3 |  3.0

Action                   |  1- 3 |  4- 6 || total
-------------------------+-------+-------++-------
Melee: Unarmed           |   122 |    50 ||   172
       Bite              |    10 |     2 ||    12
       Punch             |     3 |       ||     3
Invok: Renounce Religion |     1 |       ||     1
  Use: Scroll            |       |     2 ||     2
       Potion            |       |     2 ||     2
 Stab: Sleeping          |     2 |       ||     2
Armor: Leather armour    |    37 |    22 ||    59
Dodge: Dodged            |    70 |    34 ||   104
